 Dungeon Crawl Stone Soup version 0.31-a0-151-ge443d1f16c (webtiles) character file.

Game seed: 4637264629426665817

123 qw the Shooter (level 4, -1/40 HPs)
             Began as a Minotaur Hunter on June 8, 2023.
             Slain by a hornet (13 damage)
             ... on level 3 of the Dungeon.
             The game lasted 00:00:45 (2581 turns).

qw the Shooter (Minotaur Hunter)                    Turns: 2581, Time: 00:00:46

Health: -1/40      AC:  5    Str: 16    XL:     4   Next: 80%
Magic:  3/3        EV: 11    Int:  6    God:
Gold:   206        SH:  0    Dex: 15    Spells: 3/3 levels left

rFire   . . .        Y - +0 shortbow
rCold   . . .        (shield currently unavailable)
rNeg    . . .        b - +0 ring mail
rPois   .            (helmet restricted)
rElec   .            (no cloak)
rCorr   .            (no gloves)
SInv    .            (no boots)
Will    .....        (no amulet)
Stlth   +            (no ring)
HPRegen 0.26/turn    (no ring)
MPRegen 0.08/turn

%: no passive effects
@: lethally poisoned (-1 -> -6)
A: horns 2, retaliatory headbutt
a: no special abilities


You were on level 3 of the Dungeon.
You visited 1 branch of the dungeon, and saw 4 of its levels.

You collected 206 gold pieces.


Innate Abilities, Weirdness & Mutations

You have a pair of horns on your head.
You reflexively headbutt those who attack you in melee.


   Skills:
 - Level 4.0 Fighting
 + Level 6.0 Ranged Weapons
 - Level 1.1 Armour
 - Level 2.1 Dodging
 - Level 0.7 Stealth


You had 3 spell levels left.
You didn't know any spells.
Your spell library was empty.

Inventory:

Hand Weapons
 Y - a +0 shortbow (weapon)
Armour
 b - a +0 ring mail (worn)
Scrolls
 a - a scroll of identify
Potions
 f - a potion of might
 h - a potion of curing {unknown}

Dungeon Overview and Level Annotations

Branches:
Dungeon (4/15)
 Temple: D:4-7

Altars:
Kikubaaqudgha


Message History

Found 7 gold pieces.
There is a stone staircase leading up here.
There are monsters nearby!
Waypoint 3 assigned to D:4.
You shoot an arrow. The arrow hits the ball python!
You kill the ball python!
A hornet comes into view.
You shoot an arrow. The arrow hits the giant cockroach!
You kill the giant cockroach!
Your Fighting skill increases to level 4!
You shoot an arrow. The arrow hits the hornet.
The hornet is lightly wounded.
You shoot an arrow.
The arrow hits the hornet but does no damage.
The hornet is lightly wounded.
You shoot an arrow. The arrow closely misses the hornet.
The hornet stings you!
You are poisoned.
You feel yourself slow down. The hornet stings you.
You are more poisoned.
You feel as though you will be slow longer.
2579 ||| STAIRDANCE You feel very sick.
The hornet misses you. The hornet closely misses you.
You climb upwards.
You feel yourself speed up.
You feel very sick.
There is a stone staircase leading down here.
Enter note:
Enter note:
Enter note:
Enter note:
Enter note:
Enter note:
Enter note:
Enter note:
Enter note: You shoot an arrow.
The arrow hits the hornet!
The hornet is moderately wounded.
You feel sick. The hornet stings you!
You die...

......#.###..##....# #.....
#####.#......##.##.# #.####
...##.######.##.##.# #######¤#
##.##.### #.......# #..¤¤¤¤¤#
........# ###...### #.##¤##¤##
#.......# #...# ##.##.#¤#¤##
#..##...# #...# #.....¤###¤##
#..###.#######...####..##...#.¤¤#
#..# #.##.......@y.....##.##.##.#
...###...............#........¤..
#...#####..............##.#####¤#
#.#.# ######...########.#####.#
#...# #...# #.......# ###.#
###...### #.####### #.# #.......#
####.####### ###.# #.#...#.#
#.......#... ....####
#.##.##.###.##.##.#.#.


You could see a hornet.

Vanquished Creatures
  An iguana (D:3)
  5 adders
  A worm (D:2)
  2 dart slugs (D:1)
  2 endoplasms
  3 giant cockroaches
  2 hobgoblins (D:1)
  7 kobolds
  3 quokkas
  6 ball pythons
  5 bats
  4 frilled lizards
  2 goblins
  8 rats
51 creatures vanquished.

Notes
Turn   | Place    | Note
-------+----------+-------------------------------------------
     0 | D:1      | qw the Minotaur Hunter began the quest for the Orb.
     0 | D:1      | Reached XP level 1. HP: 18/18 MP: 0/0
     0 | D:1      | 0 ||| qw: Version: 0.2-a-120-gdf1a93b
     0 | D:1      | 0 ||| qw: Game counter: 3073
     0 | D:1      | 0 ||| qw: Always use a shield: true
     0 | D:1      | 0 ||| qw: God list: Okawaru
     0 | D:1      | 0 ||| qw: Allow faded altars: false
     0 | D:1      | 0 ||| qw: Do Orc after D:15 true
     0 | D:1      | 0 ||| qw: Do second Lair branch before Depths: true
     0 | D:1      | 0 ||| qw: Lair rune preference: random
     0 | D:1      | 0 ||| qw: Plans: Normal
     0 | D:1      | 0 ||| PLANNING D:1-11
   297 | D:1      | Reached XP level 2. HP: 25/25 MP: 1/1
   341 | D:1      | Reached skill level 5 in Ranged Weapons
   470 | D:1      | Reached skill level 3 in Fighting
   541 | D:1      | 541 ||| FLEEEEING.
   542 | D:1      | 542 ||| FLEEEEING.
   543 | D:1      | 543 ||| FLEEEEING.
   544 | D:1      | 544 ||| FLEEEEING.
   545 | D:1      | 545 ||| FLEEEEING.
   546 | D:1      | 546 ||| FLEEEEING.
   547 | D:1      | 547 ||| FLEEEEING.
   614 | D:1      | Reached XP level 3. HP: 31/31 MP: 2/2
   861 | D:1      | 861 ||| READING scroll labelled XUPICS ZOITHUN.
   866 | D:1      | 866 ||| READING scroll labelled AZUKHIYKEC.
   867 | D:1      | 867 ||| READING scroll labelled ELI IBRIUMME.
   868 | D:1      | 868 ||| READING scroll labelled PEATAE TIAC.
   869 | D:1      | 869 ||| READING scroll labelled ERGHEL POETYAHO.
   970 | D:1      | 970 ||| DROPPING scroll of butterflies.
  1688 | D:2      | Reached skill level 6 in Ranged Weapons
  1688 | D:2      | Reached XP level 4. HP: 38/38 MP: 3/3
  1808 | D:2      | 1808 ||| UPGRADING to +0 ring mail.
  1818 | D:2      | 1818 ||| DROPPING +0 leather armour.
  1819 | D:2      | 1819 ||| READING scroll labelled CENUMA JIARU.
  1888 | D:2      | 1888 ||| READING scroll labelled RISTITRASAM.
  1889 | D:2      | 1889 ||| READING 2 scrolls of identify.
  1889 | D:2      | 1889 ||| IDENTIFYING smoky grey potion
  1890 | D:2      | 1890 ||| DROPPING potion of magic.
  1952 | D:3      | Found an ancient bone altar of Kikubaaqudgha.
  2414 | D:3      | Reached skill level 1 in Armour
  2554 | D:3      | 2554 ||| READING scroll labelled EZUARH GANLIB.
  2555 | D:3      | 2555 ||| READING scroll labelled IMYONTUAWE.
  2556 | D:3      | 2556 ||| READING 3 scrolls of identify.
  2556 | D:3      | 2556 ||| IDENTIFYING blue potion
  2557 | D:3      | 2557 ||| READING 2 scrolls of identify.
  2557 | D:3      | 2557 ||| IDENTIFYING black potion
  2558 | D:3      | 2558 ||| DROPPING potion of ambrosia.
  2574 | D:4      | Noticed a hornet
  2579 | D:4      | 2579 ||| STAIRDANCE
  2581 | D:3      | Slain by a hornet

Levels and vault maps discovered:
D:1:      dpeg_arrival_pond, layout_loops_corners, serial_glass,
          glass_columns_a, glass_columns_b, columned_hall_lemuel
D:2:      layout_basic, minmay_misc_feat_enclosed, dreamdust_princess_bridge
D:3:      layout_loops_cross, nicolae_kikubaaqudgha_miasma_corner
D:4:      layout_cave_pools, nicolae_ru_great_annihilating_truth,
          minmay_temple_entry_sparse_star, minmay_misc_feat_more_columns,
          uniq_edmund, uniq_natasha, uniq_pikel

Skill      XL: |  1  2  3  4 |
---------------+-------------+-----
Ranged Weapons | 5 6 |  6.0
Fighting       | 3 4 |  4.0
Armour         | 1 |  1.1
Dodging        | |  2.1
Stealth        | |  0.7

Action                     |  1- 3 |  4- 6 || total
---------------------------+-------+-------++-------
   Fire: Shortbow          |   119 |    37 ||   156
    Use: Scroll            |     5 |     7 ||    12
 Armour: Leather armour    |     7 |     3 ||    10
         Ring mail         |       |     1 ||     1
  Dodge: Dodged            |    24 |    15 ||    39

Table legend:
 A = Non-vault XP
 B = Vault XP
 C = Vault XP percentage of total XP
 D = Non-vault monster count
 E = Vault monster count
 F = Vault count percentage of total count
                 A         B        C        D         E       F
            +---------+---------+-------+---------+---------+-------
      Total |     177 |       0 |   0.0 |      51 |       0 |   0.0
            +---------+---------+-------+---------+---------+-------
        D:1 |      44 |       0 |   0.0 |      25 |       0 |   0.0
        D:2 |      75 |       0 |   0.0 |      19 |       0 |   0.0
        D:3 |      54 |       0 |   0.0 |       5 |       0 |   0.0
        D:4 |       4 |       0 |   0.0 |       2 |       0 |   0.0
            +---------+---------+-------+---------+---------+-------
